 Seeded DCSS version 0.29.1-15-g9cfb28693d (webtiles) character file.

Game seed: 9845822215292249863 (custom seed)

9 Psyclone the Conjurer (level 2, 15/15 HPs)
             Began as a Deep Elf Conjurer on Sept 24, 2023.
             Quit the game on level 1 of the Dungeon.
             The game lasted 00:02:06 (262 turns).

Psyclone the Conjurer (Deep Elf Conjurer)            Turns: 262, Time: 00:02:07

Health: 15/15      AC:  4    Str:  2    XL:     2   Next: 6%
Magic:  9/9        EV: 12    Int: 28    God:
Gold:   928        SH:  0    Dex: 13    Spells: 8/9 levels left

rFire   . . .      SeeInvis .   g - staff of conjuration
rCold   . . .      Faith    .   (no shield)
rNeg    . . .      Spirit   .   a - +0 robe
rPois   .          Reflect  .   (no helmet)
rElec   .          Harm     .   (no cloak)
rCorr   .          Rampage  .   (no gloves)
Will    +....                   c - +1 pair of boots of the Mackerel {Str-2 Int+6}
Stlth   ++........              e - amulet of the acrobat
HPRegen 0.05/turn               h - ring of willpower
MPRegen 0.11/turn               (no ring)

@: no status effects
A: no striking features
a: no special abilities


You were on level 1 of the Dungeon.
You visited 1 branch of the dungeon, and saw 1 of its levels.

You collected 928 gold pieces.

Inventory:

Armour
 a - a +0 robe (worn)
 c - the +1 pair of boots of the Mackerel (worn) {Str-2 Int+6}
   (You acquired it on level 1 of the Dungeon)

   Str:       It affects your strength (-2).
   Int:       It affects your intelligence (+6).
Magical Staves
 g - a staff of conjuration (weapon)
Jewellery
 e - an amulet of the acrobat (around neck)
 h - a ring of willpower (left hand)
Scrolls
 d - a scroll of amnesia {unknown}
 f - a scroll of acquirement
Potions
 b - 2 potions of magic


   Skills:
 - Level 2.4 Dodging
 - Level 2.4 Stealth
 + Level 4.0 Spellcasting
 - Level 4.3 Conjurations


You had 8 spell levels left.
You knew the following spells:

 Your Spells              Type           Power      Damage    Failure   Level
a - Magic Dart            Conj           100%       1d8       1%          1

Your spell library contained the following spells:

 Spells                   Type           Power      Damage    Failure   Level
 Searing Ray              Conj           90%        2d7       1%          2
 Dazzling Flash           Conj/Hex       52%        N/A       9%          3
 Fulminant Prism          Conj/Hex       13%        3d9       30%         4
 Iskenderun's Mystic Bla  Conj/Tloc      26%        2d7       30%         4


Dungeon Overview and Level Annotations

Branches:
Dungeon (1/15) Zot: 5736

Altars:


Message History

You drop a +0 dagger.
You start resting.
HP restored.
Health restored: 15 You regained 3 mp, and now have 3/9 mp.
You start resting.
Magic restored.
MP restored: 9
Found 2 scrolls of acquirement.
A quokka comes into view.
Found a potion of magic and a glowing granite ring.
Found 6 stones.
Things that are here:
2 scrolls of acquirement; a staff of conjuration
f - 2 scrolls of acquirement
g - a staff of conjuration
Casting: Magic Dart (safe; 1% risk of failure)
Confirm with . or Enter, or press ? or * to list all spells.
Aiming: Magic Dart (safe; 1% risk of failure)
Press: ? - help, Shift-Dir - straight line, f - quokka
Aim: a quokka (asleep, 100% to hit)
The magic dart hits the quokka but does no damage.
You now have 8/9 mp.
Casting: Magic Dart (safe; 1% risk of failure)
Confirm with . or Enter, or press ? or * to list all spells.
Aiming: Magic Dart (safe; 1% risk of failure)
Press: ? - help, Shift-Dir - straight line, f/p - quokka
Aim: a quokka (100% to hit)
The magic dart hits the quokka.
You kill the quokka!
You now have 7/9 mp.
g - a staff of conjuration (weapon)
b - 2 potions of magic (gained 1)
You see here 6 stones.
h - a ring of willpower
h - a ring of willpower (left hand)
Something appears at your feet!
MP restored: 9 You now have 928 gold pieces (gained 916).
Are you sure you want to abandon this character and quit the game? (Confirm with "yes".)

############.##
##### #.# #...#
#.####
#...###.....
#...........
#.######....
##########.#
....
#.(........#
....
#...@....###
.... #........#
.... #........#
....
#...........
############


There were no monsters in sight!

Vanquished Creatures
  A dart slug (D:1)
  A ball python (D:1)
  An endoplasm (D:1)
  A goblin (D:1)
  A quokka (D:1)
  A frilled lizard (D:1)
  A kobold (D:1)
7 creatures vanquished.

Notes
Turn   | Place    | Note
-------+----------+-------------------------------------------
     0 | D:1      | Psyclone the Deep Elf Conjurer began the quest for the Orb.
     0 | D:1      | Reached XP level 1. HP: 10/10 MP: 6/6
    42 | D:1      | Identified a scroll of acquirement
    42 | D:1      | Acquired the +1 pair of boots of the Mackerel {Str-2 Int+6}
   129 | D:1      | Reached XP level 2. HP: 13/15 MP: 0/9
   260 | D:1      | Acquired 916 gold pieces
   262 | D:1      | Quit the game

Illustrated notes

Levels and vault maps discovered:
D:1:      giann_bridges, layout_basic

Skill      XL: |  1 |
---------------+----+-----
Spellcasting   | 4 |  4.0
Dodging        | |  2.4
Stealth        | |  2.4
Conjurations   | |  4.3

Action                   || total
-------------------------++-------
 Cast: Magic Dart        ||    14
  Use: Scroll            ||     2
Dodge: Dodged            ||     1
